 Dungeon Crawl Stone Soup version 0.28-a0-919-g0b5b508569 (webtiles) character file.

Game seed: 13636335380348279968

119 timneilson the Shield-Bearer (level 5, -1/33 HPs)
             Began as a Gargoyle Fighter on Nov 25, 2021.
             Slain by Sigmund (4 damage)
             ... on level 3 of the Dungeon.
             The game lasted 00:04:12 (3118 turns).

timneilson the Shield-Bearer (Gargoyle Fighter)     Turns: 3118, Time: 00:04:13

Health: -1/33      AC: 11    Str: 21    XL:     5   Next: 3%
Magic:  5/5        EV:  7    Int:  8    God:
Gold:   115        SH:  4    Dex:  9    Spells: 4/4 levels left

rFire   . . .      SeeInvis .   a - +1 long sword (venom)
rCold   . . .      Faith    .   c - +0 buckler
rNeg    + . .      Spirit   .   b - +0 scale mail
rPois   ∞          Reflect  .   (no helmet)
rElec   +          Harm     .   (no cloak)
rCorr   .          Rampage  .   (no gloves)
Will    .....                   (no boots)
Stlth   ..........              (no amulet)
HPRegen 0.11/turn               (no ring)
MPRegen 0.09/turn               (no ring)

@: mighty, constricted
A: sickness immunity, AC +4, negative energy resistance 1, electricity
resistance, torment resistance 1, petrification resistance
a: no special abilities


You were on level 3 of the Dungeon.
You visited 1 branch of the dungeon, and saw 3 of its levels.

You collected 115 gold pieces.

Inventory:

Hand Weapons
 a - a +1 long sword of venom (weapon)
Missiles
 g - a throwing net (quivered)
Armour
 b - a +0 scale mail (worn)
 c - a +0 buckler (worn)
Wands
 i - a wand of polymorph (12)
Scrolls
 e - 3 scrolls of identify
 f - a scroll of teleportation
 j - a scroll of magic mapping {unknown}
 k - a scroll of blinking {unknown}
Potions
 d - a potion of might
 h - a potion of mutation


   Skills:
 + Level 3.7 Fighting
 * Level 2.6 Long Blades
 * Level 4.2 Armour
 + Level 0.9 Dodging
 * Level 4.2 Shields


You had 4 spell levels left.
You didn't know any spells.
Your spell library contained the following spells:

 Spells                   Type           Power      Damage    Failure   Level
 Animate Skeleton         Necr           0%         N/A       75%         1
 Pain                     Necr           0%         1d4       75%         1
 Vampiric Draining        Necr           0%         2d6       98%         3
 Blade Hands              Tmut           0%         N/A       100%        5
 Irradiate                Conj/Tmut      0%         3d13      100%        5
 Dragon Form              Tmut           0%         N/A       100%        7


Dungeon Overview and Level Annotations

Branches:
Dungeon (3/15)

Altars:
Ashenzari
Kikubaaqudgha
Yredelemnul

Annotations:
D:3 Sigmund


Innate Abilities, Weirdness & Mutations

You are immune to sickness and miasma.
Your stone body is resilient. (AC +4)
You are immune to poison.
You resist negative energy. (rN+)
You are resistant to electric shocks. (rElec)
You are resistant to unholy torment.
You are immune to petrification.


Message History

The rat barely misses you. Sigmund hits you but does no damage.
The ball python bites you. The ball python constricts you.
You block the rat's attack.
You closely miss Sigmund.
Sigmund is moderately wounded.
You block the ball python's attack. The ball python constricts you.
Sigmund mumbles some strange words.
Sigmund flickers and vanishes!
Deactivating autopickup; reactivate with Ctrl-A.
The rat bites you but does no damage.
The ball python bites you but does no damage.
The ball python constricts you.
You closely miss something.
The ball python bites you but does no damage.
The ball python constricts you. Something hits you but does no damage.
The rat bites you but does no damage.
Unknown command.
You closely miss something. The ball python completely misses you.
The ball python constricts you. You block the rat's attack. Something hits you.
The ball python bites you but does no damage.
The ball python constricts you.
Unknown command.
You miss something. The rat bites you but does no damage.
The ball python closely misses you. The ball python constricts you.
You block something's attack. The rat bites you but does no damage.
Unknown command.
You miss something. The ball python bites you. The ball python constricts you.
The rat closely misses you. You block the ball python's attack.
The ball python constricts you.
Unknown command.
You completely miss something. Something hits you!
* * * LOW HITPOINT WARNING * * *
The ball python bites you but does no damage.
The ball python constricts you. The rat bites you but does no damage.
Unknown command.
Okay, then.
You completely miss something.
The ball python bites you but does no damage.
The ball python constricts you. Something hits you.
You die...

####################.#.#
#.#.# ########## #.#.#
#.........#. .#.#.#
#.........#.#.#.#..
###.............#.###
#...............#.#..
#.#.S{..........#.#.#
#...@r...... ...#.#.#
#..#.###.### #..#.#.#
#..#...# #.. #.##.#.#
#..###.#.#.###..#.#.#
#....#.#.#.#..)...#..
#.._........._.##.###
#....#.#.#.#...##.#..
#..###.#.#.###.##.#.#
#..#...#.#...#.##.#.#


You could see a ball python and a rat.

Vanquished Creatures
  An orc wizard (D:3)
  A hound zombie (D:3)
  2 adders (D:2)
  A dart slug (D:1)
  5 orcs (D:3)
  8 bats
  3 endoplasms
  2 giant cockroaches (D:2)
  3 goblins (D:1)
  3 hobgoblins
  3 jackals (D:1)
  6 kobolds
  3 quokkas
  7 ball pythons
  A frilled lizard (D:2)
  3 rats
52 creatures vanquished.

Vanquished Creatures (others)
  A withered plant (D:3)
1 creature vanquished.

Grand Total: 53 creatures vanquished

Notes
Turn   | Place    | Note
-------+----------+-------------------------------------------
     0 | D:1      | timneilson the Gargoyle Fighter began the quest for the
                  | Orb.
     0 | D:1      | Reached XP level 1. HP: 14/14 MP: 1/1
   474 | D:1      | Reached XP level 2. HP: 19/19 MP: 2/2
   945 | D:1      | Reached XP level 3. HP: 23/23 MP: 3/3
  1613 | D:2      | Found a faded altar of an unknown god.
  1805 | D:2      | Reached XP level 4. HP: 11/28 MP: 4/4
  2893 | D:3      | Reached XP level 5. HP: 33/33 MP: 5/5
  2973 | D:3      | Found an ancient bone altar of Kikubaaqudgha.
  3020 | D:3      | Found a broken altar of Ashenzari.
  3079 | D:3      | Found a basalt altar of Yredelemnul.
  3104 | D:3      | Noticed Sigmund
  3118 | D:3      | Slain by Sigmund

Illustrated notes

Levels and vault maps discovered:
D:1:      lightli_arrival_quake, layout_loops_ring
D:2:      layout_basic, chequers_ecumenical_altar_island
D:3:      layout_basic, kiku_gazebo_garden_becter,
          mainiacjoe_overflow_concentric_impassable,
          mainiacjoe_overflow_large_starburst, serial_undead, serial_undead_d,
          serial_undead_e, serial_undead_d, serial_undead_e, serial_shops, shop,
          uniq_sigmund

Skill      XL: |  1  2  3  4 |
---------------+-------------+-----
Long Blades    | 2 |  2.6
Armour         | 4 |  4.2
Shields        | 4 |  4.2
Fighting       | |  3.7
Dodging        | |  0.9

Action                   |  1- 3 |  4- 6 || total
-------------------------+-------+-------++-------
Melee: Long sword        |   129 |    58 ||   187
  Use: Scroll            |     1 |     4 ||     5
       Potion            |       |     1 ||     1
Armor: Scale mail        |    92 |    44 ||   136
Dodge: Dodged            |    72 |    51 ||   123
Block: Buckler           |    36 |    25 ||    61

Table legend: (Time is in decaauts)
 A = Elapsed time spent in this place.
 B = Non-inter-level travel time spent in this place.
 C = Inter-level travel time spent in this place.
 D = Time resting spent in this place.
 E = Time spent auto-exploring this place.
 F = Levels seen in this place.
 G = Mean time per level.
                   A        B        C        D        E       F      G
               +--------+--------+--------+--------+--------+-----+--------+
         Total |   3175 |   3134 |     41 |      0 |   2656 |   3 | 1058.3 |
       Dungeon |   3175 |   3134 |     41 |      0 |   2656 |   3 | 1058.3 |
               +--------+--------+--------+--------+--------+-----+--------+

Top non-repeatable levels by time:
     D:2: 1343 daAuts
     D:1: 1242 daAuts
     D:3: 589 daAuts
